 Dungeon Crawl Stone Soup version 0.29-a0-25-g7f48f510a0 (webtiles) character file.

Game seed: 16031078745478405302

43 dolemite99 the Chopper (level 3, 0/31 HPs)
             Began as a Minotaur Monk on Feb 1, 2022.
             Was a Follower of Ru.
             Slain by an ogre (3 damage)
             ... on level 4 of the Dungeon.
             The game lasted 00:01:52 (1606 turns).

dolemite99 the Chopper (Minotaur Monk)              Turns: 1606, Time: 00:01:52

Health: 0/31       AC:  2    Str: 17    XL:     3   Next: 37%
Magic:  2/2        EV: 12    Int:  7    God:    Ru [*.....]
Gold:   35         SH:  0    Dex: 12    Spells: 2/2 levels left

rFire   + . .      SeeInvis .   a - +0 hand axe
rCold   + . .      Faith    .   (no shield)
rNeg    . . .      Spirit   .   b - +0 robe
rPois   +          Reflect  .   (helmet restricted)
rElec   +          Harm     .   (no cloak)
rCorr   +          Rampage  .   (no gloves)
Will    .....                   (no boots)
Stlth   ++........              (no amulet)
HPRegen 0.10/turn               (no ring)
MPRegen 0.08/turn               (no ring)

@: resistant
A: horns 2, no conjurations magic, no poison magic, no transmutations magic,
retaliatory headbutt
a: Renounce Religion


You were on level 4 of the Dungeon.
You worshipped Ru.
Ru was aware of your devotion.
You visited 1 branch of the dungeon, and saw 3 of its levels.

You collected 35 gold pieces.

Inventory:

Hand Weapons
 a - a +0 hand axe (weapon)
Missiles
 e - 8 arrows
 g - a throwing net (quivered)
Armour
 b - a +0 robe (worn)
Jewellery
 l - a ring of see invisible
Potions
 i - 2 potions of degeneration
 j - 2 potions of attraction


   Skills:
 - Level 3.6 Fighting
 + Level 5.4 Axes
 - Level 3.2 Dodging
 - Level 1.5 Stealth


You had 2 spell levels left.
You didn't know any spells.
Your spell library was empty.

Dungeon Overview and Level Annotations

Branches:
Dungeon (2/15)

Altars:
Ru


Innate Abilities, Weirdness & Mutations

You have a pair of horns on your head.
You cannot study or cast Conjurations magic.
You cannot study or cast Poison magic.
You cannot study or cast Transmutations magic.
You reflexively headbutt those who attack you in melee.


Message History

You hit the orc. You headbutt the orc.
You kill the orc!
Things that are here:
a +0 dagger; a +0 ring mail
Things that are here:
a +0 dagger; a +0 ring mail A goblin comes into view.
It is wielding a +0 club.
The goblin shouts!
You hear a shout!
You hit the goblin.
You kill the goblin!
You see here a +0 club.
An ogre is nearby!
You see here a +0 club.
As you read the scroll labelled SOANTUI OMEALU, it crumbles to dust.
The scroll dissolves into smoke.
It was a scroll of fog.
As you read the scroll labelled SAANOGR LOHA, it crumbles to dust.
It is a scroll of identify.
j - 2 potions of attraction
As you read the scroll of identify {@r1}, it crumbles to dust.
i - 2 potions of degeneration It was a potion of ambrosia.
You are confused.
You feel invigorated.
It was a potion of resistance.
You feel protected.
The ogre hits you with a +0 giant spiked club!!
Ouch! That really hurt!
It was a potion of curing.
You feel better.
You feel less invigorated.
The ogre hits you with a +0 giant spiked club!!
Ouch! That really hurt!
* * * LOW HITPOINT WARNING * * *
You completely miss the ogre. The ogre completely misses you.
You furiously retaliate!
You headbutt the ogre, but do no damage.
You hit the ogre.
The ogre is lightly wounded.
You hit the ogre.
The ogre is lightly wounded.
The ogre hits you with a +0 giant spiked club.
You die...

######## ########
#......# #§§§§O.#
###.####.# ###§####.#
#......#.# #§§§§§.#.#
#.#.##.#.#
#§#§##§#.####.#.##.#.#
#§#.##.....O@.#......#
#§#......#########.###
#.######## #)# #.#
####### #.# #.#
#.....# ##.## #..
#.....# #...# ...
#..#..#####.#### ###.
#.....##.......# # ##.
#.....##.##..#.#


You could see an ogre.

Vanquished Creatures
  A dart slug (D:1)
  An orc (D:4)
  5 endoplasms (D:1)
  4 goblins
  4 hobgoblins
  4 jackals (D:1)
  2 quokkas (D:1)
  6 ball pythons (D:1)
  2 bats (D:1)
  3 kobolds (D:1)
  A rat (D:1)
33 creatures vanquished.

Notes
Turn   | Place    | Note
-------+----------+-------------------------------------------
     0 | D:1      | dolemite99 the Minotaur Monk began the quest for the Orb.
     0 | D:1      | Reached XP level 1. HP: 19/19 MP: 0/0
   199 | D:1      | Reached skill level 4 in Axes
   225 | D:1      | Reached XP level 2. HP: 24/26 MP: 1/1
   738 | D:1      | Found a faded altar of an unknown god.
   745 | D:1      | Prayed at the altar of an unknown god.
   745 | D:1      | Became a worshipper of Ru the Awakened
   750 | D:1      | Gained mutation: You cannot study or cast Poison magic. [Ru
                  | sacrifice]
   750 | D:1      | Gained mutation: You cannot study or cast Transmutations
                  | magic. [Ru sacrifice]
   750 | D:1      | Gained mutation: You cannot study or cast Conjurations
                  | magic. [Ru sacrifice]
   750 | D:1      | Reached * piety under Ru
   767 | D:1      | Reached skill level 5 in Axes
   866 | D:1      | Reached XP level 3. HP: 31/31 MP: 2/2
  1465 | D:2      | You fall into a shaft and drop 2 floors!
  1494 | D:4      | Noticed an ogre
  1606 | D:4      | Slain by an ogre

Illustrated notes

Levels and vault maps discovered:
D:1:      minmay_arrival_three_doors, layout_loops_corners,
          basic_ecumenical_altar
D:2:      layout_rooms, basic_altar, moated_statue
D:4:      layout_loops_cross, chequers_garden

Skill      XL: |  1  2 |
---------------+-------+-----
Axes           | 4 5 |  5.4
Fighting       | |  3.6
Dodging        | |  3.2
Stealth        | |  1.5

Action                   || total
-------------------------++-------
Melee: Hand axe          ||    73
       Headbutt          ||    13
Invok: Sacrifice Arcana  ||     1
  Use: Scroll            ||     4
       Potion            ||     3
 Stab: Sleeping          ||     6
Armor: Robe              ||     6
Dodge: Dodged            ||    36

Table legend: (Time is in decaauts)
 A = Elapsed time spent in this place.
 B = Non-inter-level travel time spent in this place.
 C = Inter-level travel time spent in this place.
 D = Time resting spent in this place.
 E = Time spent auto-exploring this place.
 F = Levels seen in this place.
 G = Mean time per level.
                   A        B        C        D        E       F      G
               +--------+--------+--------+--------+--------+-----+--------+
         Total |   1609 |   1589 |     20 |    177 |   1100 |   3 |  536.3 |
       Dungeon |   1609 |   1589 |     20 |    177 |   1100 |   3 |  536.3 |
               +--------+--------+--------+--------+--------+-----+--------+

Top non-repeatable levels by time:
     D:1: 1467 daAuts
     D:4: 140 daAuts
     D:2: 1 daAuts
